 Dungeon Crawl Stone Soup version 0.20.1-1-g8b1a95d (webtiles) character file.

62 wojtek the Covered (level 3, -6/34 HPs)
             Began as a Minotaur Fighter on Dec 26, 2017.
             Mangled by Sigmund
             ... wielding a cursed -1 scythe
              (9 damage)
             ... on level 2 of the Dungeon.
             The game lasted 00:01:26 (1041 turns).

wojtek the Covered (Minotaur Fighter)               Turns: 1041, Time: 00:01:27

Health: -6/34      AC:  7    Str: 21    XL:     3   Next: 85%
Magic:  2/2        EV:  7    Int:  5    God:
Gold:   131        SH:  9    Dex:  9    Spells: 2/2 levels left

rFire    . . .     SeeInvis .   a - +0 war axe
rCold    . . .     Gourm    .   c - +0 shield
rNeg     . . .     Faith    .   b - +0 scale mail
rPois    .         Spirit   .   (helmet restricted)
rElec    .         Reflect  .   (no cloak)
rCorr    .         Harm     .   (no gloves)
MR       .....                  (no boots)
Stlth    ..........             (no amulet)
Regen    0.2/turn               (no ring)
MPRegen  0.1/turn               (no ring)

@: no status effects
A: retaliatory headbutt, horns 2
a: no special abilities


You were on level 2 of the Dungeon.
You were not hungry.

You visited 1 branch of the dungeon, and saw 2 of its levels.

You collected 131 gold pieces.

Inventory:

Hand Weapons
 a - a +0 war axe (weapon)
Armour
 b - a +0 scale mail (worn)
 c - a +0 shield (worn)
Jewellery
 j - an uncursed amulet of harm {unknown}
Scrolls
 e - a scroll of amnesia {unknown}
 i - 3 scrolls of identify {unknown}
 k - a scroll of fear {unknown}
 m - a scroll of enchant armour {unknown}
Potions
 d - a potion of might
 n - a potion of cancellation {unknown}
Comestibles
 f - 2 bread rations
 g - 5 chunks of flesh
 h - 3 meat rations


   Skills:
 + Level 4.3 Fighting
 * Level 3.6 Axes
 + Level 4.4 Armour
 - Level 3.6 Shields


You had 2 spell levels left.
You didn't know any spells.

Dungeon Overview and Level Annotations

Branches:
Dungeon (2/15)

Altars:
Gozag

Annotations:
D:2 Sigmund


Innate Abilities, Weirdness & Mutations

You reflexively headbutt those who attack you in melee.
You have a pair of horns on your head.


Message History

You miss something. Your headbutt misses something. Something hits you.
You hit something but do no damage. Something hits you but does no damage.
You hit something but do no damage. Something hits you.
* * * LOW HITPOINT WARNING * * *
You completely miss something. You headbutt something.
Something hits you but does no damage.
Your shield prevents you from hitting something.
Something hits you.
* * * LOW HITPOINT WARNING * * *
A kobold comes into view.
It is wielding a dagger of electrocution.
You barely miss something.
The kobold shouts!
You headbutt something!
A kobold opens the door.
You hear some strange, mumbled words.
Something tries to affect you, but you resist.
You hit something. Your headbutt misses something. Something hits you.
* * * LOW HITPOINT WARNING * * *
Your scale mail prevents you from hitting something.
Your headbutt misses something. Something hits you!
You die...

.........................#
.........................#
.........................#
..................<......#
........................#
.....##.'#.............#
....###K#.............# ..
+..>#.............#
###@######)######## #{##
#.# .. #######..### #.##
.. .....<.....# #..# ..
...........# ##.# ..
.........$.# #.# ..
...........# ##.# #
...........# #..#
.........>.# #.##


You could see a kobold.

Vanquished Creatures
  2 adders (D:2)
  2 worms (D:2)
  2 leopard geckos
  2 ball pythons
  7 bats
  3 giant cockroaches (D:1)
  A goblin (D:1)
  4 hobgoblins
  2 quokkas (D:2)
  3 frilled lizards (D:1)
  3 kobolds
  7 rats
38 creatures vanquished.

Notes
Turn   | Place    | Note
-------+----------+-------------------------------------------
     0 | D:1      | wojtek the Minotaur Fighter began the quest for the Orb.
     0 | D:1      | Reached XP level 1. HP: 19/19 MP: 0/0
   149 | D:1      | Reached XP level 2. HP: 24/27 MP: 1/1
   740 | D:2      | HP: 1/27 [poisoned by an adder]
   741 | D:2      | Reached XP level 3. HP: 1/33 MP: 2/2
   876 | D:2      | Found an opulent altar of Gozag.
  1013 | D:2      | Noticed Sigmund
  1041 | D:2      | Mangled by Sigmund

Skill      XL: |  1  2 |
---------------+-------+-----
Armour         | 4 |  4.4
Fighting       | 4 |  4.3
Axes           | 3 |  3.6
Shields        | |  3.6

Action                   || total
-------------------------++-------
Melee: War axe           ||   115
       Headbutt          ||    21
  Use: Potion            ||     2
  Eat: Chunk             ||     1
Armor: Scale mail        ||    45
Dodge: Dodged            ||    43
Block: Shield            ||    60
